 Seeded DCSS version 0.30.1-9-gdf580d7c3d (webtiles) character file.

Game seed: 5 (custom seed)

2537 Kazon the Shield-Bearer (level 9, -5/55 HPs)
             Began as a Gargoyle Fighter on Oct 12, 2023.
             Was an Elder of the Shining One.
             Slain by Snorg (7 damage)
             ... on level 10 of the Dungeon.
             The game lasted 00:26:11 (4759 turns).

Kazon the Shield-Bearer (Gargoyle Fighter)          Turns: 4759, Time: 00:26:12

Health: -5/55      AC: 34    Str: 23    XL:     9   Next: 55%
Magic:  0/21       EV:  4    Int:  8    God:    the Shining One [****..]
Gold:   311        SH: 23    Dex: 17    Spells: 8/8 levels left

rFire   . . .        f - +0 hand axe (flame)
rCold   . . .        c - +0 tower shield
rNeg    + + +        F - +15 Maxwell's patent armour {-Cast -Tele rElec Will+ rCorr}
rPois   ∞            e - +0 helmet
rElec   +            (no cloak)
rCorr   +            (no gloves)
SInv    .            (no boots)
Will    +....        B - amulet of guardian spirit Stlth
                     q - ring of magical power
HPRegen 0.29/turn    v - +6 ring of dexterity
MPRegen 0.17/turn

%: no teleportation, no spellcasting, guardian spirit
@: mighty, divinely shielded, glowing
A: sickness immunity, AC +6, negative energy resistance 1, electricity
resistance, torment resistance 1, petrification resistance
a: Renounce Religion, Divine Shield, Cleansing Flame


You were on level 10 of the Dungeon.
You worshipped the Shining One.
The Shining One was greatly pleased with you.
You visited 2 branches of the dungeon, and saw 9 of its levels.
You also visited: Ossuary.

You collected 311 gold pieces.

Inventory:

Hand Weapons
 a - a +0 flail
 f - a +0 hand axe of flaming (weapon)
 h - a +0 whip of holy wrath
 w - the +2 sling "Qeuhanocyt" {speed, rElec Str-3 Dex+2}
   (You found it on level 3 of the Dungeon)

   Str:       It affects your strength (-3).
   Dex:       It affects your dexterity (+2).
   rElec:     It insulates you from electricity.
Missiles
 i - 3 boomerangs
 r - 10 poisoned darts
Armour
 c - a +0 tower shield (worn)
 e - a +0 helmet (worn)
 F - the +15 Maxwell's patent armour (worn) {-Cast -Tele rElec Will+ rCorr}
   (You acquired it on level 1 of the Dungeon)

   rElec:     It insulates you from electricity.
   -Cast:     It prevents spellcasting.
   -Tele:     It prevents most forms of teleportation.
   rCorr:     It protects you from acid and corrosion.
   Will:      It increases your willpower.
Jewellery
 q - a ring of magical power (left hand)
 v - a +6 ring of dexterity (right hand)
 B - an amulet of guardian spirit (around neck)
Wands
 y - a wand of paralysis (6) (quivered)
Scrolls
 k - a scroll of fog {unknown}
 l - 4 scrolls of identify {unknown}
 n - 2 scrolls of magic mapping {unknown}
 o - a scroll of blinking {unknown}
 s - 2 scrolls of summoning {unknown}
 x - a scroll of amnesia {unknown}
 z - a scroll of torment {unknown}
 D - a scroll of poison {unknown}
 E - a scroll of enchant armour {unknown}
 G - 2 scrolls of fear {unknown}
 I - a scroll of enchant weapon {unknown}
Potions
 b - a potion of haste {unknown}
 g - a potion of resistance {unknown}
 j - 5 potions of curing {unknown}
 m - 2 potions of berserk rage {unknown}
 p - 5 potions of flight {unknown}
 t - 2 potions of invisibility {unknown}
 u - 4 potions of heal wounds {unknown}
 A - a potion of lignification {unknown}
 C - 4 potions of attraction {unknown}
 H - 2 potions of brilliance {unknown}


   Skills:
 + Level 5.6 Fighting
 + Level 4.4(5.2) Axes
 + Level 4.4(5.5) Maces & Flails
 + Level 1.9 Ranged Weapons
 + Level 2.8 Throwing
 + Level 4.5 Armour
 + Level 0.4 Dodging
 + Level 7.2 Shields
 * Level 4.3 Invocations
 * Level 3.8 Evocations


You had 8 spell levels left.
You didn't know any spells.
Your spell library contained the following spells:

 Spells                   Type           Power      Damage    Failure   Level
 Frozen Ramparts          Ice            0%         1d1       100%        3
 Ignite Poison            Fire/Tmut/Pois 0%         N/A       100%        3
 Ice Form                 Ice/Tmut       0%         N/A       100%        4
 Sticky Flame             Conj/Fire      0%         2d3       100%        4
 Summon Ice Beast         Ice/Summ       0%         N/A       100%        4
 Summon Forest            Summ/Tloc      0%         N/A       100%        5
 Eringya's Noxious Bog    Tmut/Pois      0%         N/A       100%        6
 Summon Hydra             Summ           0%         N/A       100%        7
 Ignition                 Fire           0%         3d3       100%        8


Dungeon Overview and Level Annotations

Branches:
Dungeon (7/15)             Temple (1/1) D:4         Ossuary (visited)

Altars:
Dithmenos
Fedhas
Hepliaklqana
Qazlal
Trog
Wu Jian
Xom
The Shining One

Annotations:
D:10 Snorg


Innate Abilities, Weirdness & Mutations

You are immune to sickness and miasma.
Your stone body is resilient. (AC +6)
You are immune to poison.
You resist negative energy. (rN+)
You are resistant to electric shocks. (rElec)
You are resistant to unholy torment.
You are immune to petrification.


Message History

You barely miss Snorg.
Snorg is moderately wounded.
You block Snorg's attack. x2; Snorg claws you!
Snorg bites you. Snorg claws you! x2
You hit Snorg. You burn Snorg.
Snorg is moderately wounded.
You block Snorg's attack. x3; Snorg bites you but does no damage.
You block Snorg's attack. Snorg claws you but does no damage.
You hit Snorg. You burn Snorg.
Snorg is moderately wounded.
You block Snorg's attack. x4; Snorg claws you but does no damage. x2
You slash Snorg! You burn Snorg.
Snorg is moderately wounded.
Snorg bites you but does no damage. You block Snorg's attack. Snorg claws you!
* * * LOW HITPOINT WARNING * * *
Snorg bites you but does no damage. You block Snorg's attack. Snorg claws you.
* * * LOW HITPOINT WARNING * * *
You feel very mighty all of a sudden.
You block Snorg's attack. x2; Snorg claws you!
* * * LOW HITPOINT WARNING * * *
Snorg bites you but does no damage. Snorg claws you but does no damage.
You block Snorg's attack.
You slash Snorg! You burn Snorg.
Snorg is heavily wounded.
You block Snorg's attack. x2; Snorg claws you but does no damage.
You block Snorg's attack. Snorg claws you.
* * * LOW HITPOINT WARNING * * *
Snorg claws you but does no damage.
You slash Snorg! You burn Snorg.
Snorg is heavily wounded.
You block Snorg's attack. Snorg claws you but does no damage. Snorg claws you.
* * * LOW HITPOINT WARNING * * *
You slash Snorg! You burn Snorg.
Snorg is heavily wounded.
Snorg barely misses you. You block Snorg's attack. Snorg barely misses you.
You block Snorg's attack. Snorg barely misses you. Snorg claws you.
* * * LOW HITPOINT WARNING * * *
You slash Snorg! You burn Snorg.
Snorg is severely wounded.
You block Snorg's attack. Snorg claws you but does no damage. Snorg claws you!
You die...

.....# ....# #...#
#...# #...#
#...##########.
###+#..............
...................
.......@...........
.......T...........
...................
......###..........
.##### #..........
#.......... ..#####
.#


You could see Snorg (berserk).

Vanquished Creatures
  Sigmund (D:4)
  Duvessa (D:6)
  A water moccasin (D:6)
  2 black bears (D:4)
  A centaur (D:6)
  An ogre (D:5)
  An elf zombie (Ossuary)
  A kobold brigand (D:7)
  2 scorpions
  5 wights (D:7)
  Dowan (D:6)
  3 killer bees (D:7)
  A howler monkey (D:6)
  5 hounds
  A centaur zombie (Ossuary)
  3 orc priests (D:6)
  3 human zombies (Ossuary)
  A jelly (D:5)
  6 iguanas
  4 orc wizards (D:6)
  4 ogre zombies (Ossuary)
  7 mummies (Ossuary)
  4 gnolls (D:5)
  9 adders
  A white imp (D:7)
  2 ufetubi
  A worm zombie (D:7)
  2 adder zombies (Ossuary)
  3 worms
  14 orcs
  12 bats
  9 endoplasms
  A giant cockroach (D:1)
  12 goblins
  7 hobgoblins
  11 jackals
  10 kobolds
  3 quokkas (D:4)
  6 ball pythons
  3 frilled lizards
  4 goblin zombies (Ossuary)
  6 hobgoblin zombies
  3 kobold zombies
  4 quokka zombies (Ossuary)
  4 rats
  4 rat zombies (Ossuary)
190 creatures vanquished.

Notes
Turn   | Place    | Note
-------+----------+-------------------------------------------
     0 | D:1      | Kazon the Gargoyle Fighter began the quest for the Orb.
     0 | D:1      | Reached XP level 1. HP: 14/14 MP: 1/1
    51 | D:1      | Identified a scroll of acquirement
    51 | D:1      | Acquired the +15 Maxwell's patent armour {-Cast -Tele rElec
                  | Will+ rCorr}
    51 | D:1      | Found the +15 Maxwell's patent armour {-Cast -Tele rElec
                  | Will+ rCorr}
    76 | D:1      | Reached XP level 2. HP: 19/19 MP: 2/2
   386 | D:1      | Reached XP level 3. HP: 23/23 MP: 3/3
   941 | D:2      | Reached skill level 4 in Shields
   941 | D:2      | Reached XP level 4. HP: 29/29 MP: 4/4
  1610 | D:3      | Reached skill level 1 in Throwing
  1626 | D:3      | Found a blossoming altar of Fedhas.
  1653 | D:3      | Reached XP level 5. HP: 33/33 MP: 5/5
  1778 | D:3      | Found a stormy altar of Qazlal.
  1914 | D:3      | Identified the +2 sling "Qeuhanocyt" {speed, rElec Str-3
                  | Dex+2}
  2033 | D:3      | Found a faded altar of an unknown god.
  2187 | D:4      | Found a staircase to the Ecumenical Temple.
  2198 | Temple   | Entered the Ecumenical Temple
  2215 | Temple   | Became a worshipper of the Shining One
  2284 | D:4      | Noticed a black bear
  2301 | D:4      | Killed a black bear
  2302 | D:4      | Reached skill level 1 in Invocations
  2302 | D:4      | Reached XP level 6. HP: 33/38 MP: 6/6
  2307 | D:4      | Found a hazy altar of Hepliaklqana.
  2308 | D:4      | Found a shadowy altar of Dithmenos.
  2308 | D:4      | Noticed a shadow
  2458 | D:4      | Noticed a black bear
  2465 | D:4      | Killed a black bear
  2701 | D:4      | Reached skill level 5 in Shields
  2771 | D:4      | Noticed Sigmund
  2785 | D:4      | Killed Sigmund
  2786 | D:4      | Reached skill level 1 in Axes
  2786 | D:4      | Reached skill level 1 in Evocations
  2786 | D:4      | Reached XP level 7. HP: 40/43 MP: 8/8
  2980 | D:5      | Entered Level 5 of the Dungeon
  3185 | D:5      | Reached skill level 1 in Ranged Weapons
  3185 | D:5      | Reached XP level 8. HP: 41/48 MP: 10/10
  3452 | D:6      | Noticed Dowan
  3453 | D:6      | Noticed Duvessa
  3471 | D:6      | Killed Duvessa
  3476 | D:6      | Killed Dowan
  3623 | D:6      | Reached * piety under the Shining One
  3645 | D:6      | Reached skill level 6 in Shields
  3649 | D:6      | Found a shimmering altar of Xom.
  4068 | D:7      | Reached XP level 9. HP: 49/52 MP: 11/11
  4147 | D:7      | Reached skill level 5 in Fighting
  4186 | D:7      | Found a sand-covered staircase.
  4194 | D:7      | Reached ** piety under the Shining One
  4208 | Ossuary  | Entered an ossuary
  4249 | Ossuary  | Reached skill level 7 in Shields
  4369 | Ossuary  | Reached *** piety under the Shining One
  4553 | Ossuary  | Reached **** piety under the Shining One
  4730 | D:7      | You fall into a shaft and drop 3 floors!
  4730 | D:10     | Entered Level 10 of the Dungeon
  4737 | D:10     | Noticed Snorg
  4757 | D:10     | HP: 2/55 [Snorg (4)]
  4759 | D:10     | Slain by Snorg

Illustrated notes

Levels and vault maps discovered:
D:1:      ebering_trefoil_3fold, layout_basic, st_stairs_14, serial_bayou_ford_a
D:2:      layout_basic, hangedman_decor_growths, minmay_close_crescents
D:3:      layout_rooms, mainiacjoe_overflow_concentric_impassable,
          mainiacjoe_overflow_paths, shapermc_ecumenical_altar_acropolis,
          chequers_serial_rivers_micro_b
D:4:      layout_basic, riverfiend_overflow_shadow_ancestor,
          minmay_temple_entry_glass, uniq_sigmund
D:5:      layout_gridville
D:6:      layout_basic, xom_teletrap_fun, uniq_duvessa
D:7:      layout_loops_ring, enter_ossuary_3, roderic_batcave
D:10:     layout_irregular_city, led_sif_pool, uniq_snorg
Temple:   nicolae_temple_elliptical

Skill      XL: |  1  2  3  4  5  6  7  8  9 |
---------------+----------------------------+-----
Shields        | 4 5 6 7 |  7.2
Maces & Flails | 3 4 |  4.4
Throwing       | 1 2 |  2.8
Fighting       | 4 5 |  5.6
Invocations    | 1 2 3 4 |  4.3
Armour         | 4 |  4.5
Axes           | 1 4 |  4.4
Evocations     | 1 2 3 |  3.8
Ranged Weapons | 1 |  1.9
Dodging        | |  0.4

Action                     |  1- 3 |  4- 6 |  7- 9 || total
---------------------------+-------+-------+-------++-------
  Melee: Flail             |   145 |   147 |       ||   292
         Hand axe          |       |    46 |   281 ||   327
         Whip              |       |       |   199 ||   199
   Fire: Sling             |       |     8 |    18 ||    26
  Throw: Stone             |       |     8 |    46 ||    54
         Dart              |       |     3 |    16 ||    19
         Boomerang         |       |       |    13 ||    13
 Invoke: Divine Shield     |       |       |     1 ||     1
         Cleansing Flame   |       |       |     1 ||     1
  Evoke: Wand              |       |       |     2 ||     2
    Use: Scroll            |     2 |     1 |       ||     3
         Potion            |     1 |       |     1 ||     2
 Armour: Scale mail        |    22 |       |       ||    22
         Plate armour      |    88 |   144 |   256 ||   488
  Dodge: Dodged            |    26 |    14 |    43 ||    83
  Block: Buckler           |    15 |       |       ||    15
         Tower shield      |    53 |   154 |   391 ||   598
